 Dungeon Crawl Stone Soup version 0.27-a0-797-g27d10ad80f (webtiles) character file.

Game seed: 8953225576861451874

257 sizableburger the Skirmisher (level 5, -1/42 HPs)
             Began as a Mummy Brigand on Mar 27, 2021.
             Was an Initiate of Nemelex Xobeh.
             Slain by a gnoll
             ... wielding a +0 flail
              (5 damage)
             ... on level 4 of the Dungeon.
             The game lasted 00:11:15 (4398 turns).

sizableburger the Skirmisher (Mummy Brigand)        Turns: 4398, Time: 00:11:16

Health: -1/42      AC:  7    Str: 20    XL:     5   Next: 93%
Magic:  6/6        EV: 10    Int: 12    God:    Nemelex Xobeh [......]
Gold:   104        SH:  5    Dex: 13    Spells: 4/4 levels left

rFire    x . .     SeeInvis .   n - +0 scimitar
rCold    + . .     Faith    .   (no shield)
rNeg     + + +     Spirit   .   a - +0 ring mail
rPois    ∞         Reflect  +   m - +0 helmet
rElec    .         Harm     .   c - +0 cloak
rCorr    .         Rampage  .   (no gloves)
Will     .....                  (no boots)
Stlth    ++........             j - amulet of reflection
HPRegen  0.14/turn              l - +6 ring of strength
MPRegen  0.10/turn              (no ring)

@: no status effects
A: cold resistance 1, negative energy resistance 3, torment resistance 2,
unbreathing 1, heat vulnerability 1, no potions
a: Renounce Religion, Draw Escape, Draw Destruction, Draw Summoning


You were on level 4 of the Dungeon.
You worshipped Nemelex Xobeh.
Nemelex Xobeh was noncommittal.
You visited 1 branch of the dungeon, and saw 4 of its levels.

You collected 104 gold pieces.

Inventory:

Hand Weapons
 n - a +0 scimitar (weapon)
Missiles
 e - 2 poisoned darts (quivered)
 k - 2 curare-tipped darts
Armour
 a - a +0 ring mail (worn)
 c - a +0 cloak (worn)
 f - a +0 leather armour
 m - a +0 helmet (worn)
Jewellery
 j - an amulet of reflection (around neck)
 l - a +6 ring of strength (left hand)
Scrolls
 b - a scroll of vulnerability {unknown}
 d - a scroll of enchant armour {unknown}
 g - 2 scrolls of acquirement {unknown}
 h - 2 scrolls of teleportation {unknown}
 i - a scroll of amnesia {unknown}


   Skills:
 - Level 4.1 Fighting
 - Level 3.2(3.3) Short Blades
 + Level 1.0(2.2) Long Blades
 - Level 1.5 Throwing
 + Level 0.1 Armour
 - Level 0.8 Dodging
 - Level 3.2 Stealth
 - Level 2.0 Invocations


You had 4 spell levels left.
You didn't know any spells.
Your spell library was empty.

Dungeon Overview and Level Annotations

Branches:
Dungeon (4/15)             Temple (0/1) D:4

Altars:
Nemelex Xobeh

Shops:
D:1 (   D:2 ?


Innate Abilities, Weirdness & Mutations

You are immune to poison.
Your flesh is cold resistant. (rC+)
You are immune to negative energy. (rN+++)
You are immune to unholy pain and torment.
You can survive without breathing.
You are vulnerable to heat. (rF-)
You do not drink.


Message History

The gnoll looks more healthy.
You hit the gnoll but do no damage.
The gnoll is heavily wounded.
The gnoll hits you with a +0 flail.
You closely miss the gnoll.
The gnoll is heavily wounded.
The gnoll hits you from afar with a +0 spear.
The gnoll hits you with a +0 flail! The gnoll closely misses you.
You barely miss the gnoll.
The gnoll is heavily wounded.
You block the gnoll's attack.
The gnoll hits you from afar with a +0 spear.
* * * LOW HITPOINT WARNING * * *
The gnoll completely misses you.
Okay, then.
Found a staircase to the Ecumenical Temple.
The gnoll hits you but does no damage. The gnoll hits you with a +0 flail!
* * * LOW HITPOINT WARNING * * *
The gnoll barely misses you. The gnoll hits you with a +0 flail.
* * * LOW HITPOINT WARNING * * *
You see here a quokka corpse.
You see here 8 gold pieces.
You barely miss the phantom.
The phantom hits you but does no damage.
The gnoll hits you with a +0 flail.
* * * LOW HITPOINT WARNING * * *
The phantom hits you but does no damage.
You closely miss the phantom. The gnoll hits you with a +0 flail.
* * * LOW HITPOINT WARNING * * *
The phantom hits you but does no damage.
You closely miss the phantom. You block the gnoll's attack.
The gnoll hits you from afar with a +0 spear.
* * * LOW HITPOINT WARNING * * *
You block the phantom's attack.
You slash the phantom!
The phantom is moderately damaged.
The gnoll hits you with a +0 flail.
You die...
Your body disappears without a glow.

#.#.....#.#.#g#.##.##.....
#.<#.#'.#.#.#.# # #.....
#..#.#..#.#...# #.....
#..#.#..#.#####.. ##....
####.#).#........#####....
.....##b#.#####..#.......#
........#(#...#..#.###...#
........#W#.#.#..#W# #.#.#
.......†#@#.#.#.##<###.#..
.b......#.gg#g#...........
(.......#####.#.......##..
..........g$..#..........)
+#+##..!#####.#)##.######.
###.# #.#.##.....##. #.#
#.#.######.### #$#
#.#......#..## ..#
..#..###+##.##


You could see a phantom and 2 gnolls.

Vanquished Creatures
  A jelly (D:3)
  2 orc priests
  Robin (D:3)
  4 gnolls
  3 adders
  A dart slug (D:1)
  6 orcs
  2 bats
  5 endoplasms
  13 goblins
  7 hobgoblins
  7 jackals (D:1)
  5 quokkas
  7 ball pythons
  5 frilled lizards
  9 kobolds
  7 rats
85 creatures vanquished.

Notes
Turn   | Place    | Note
-------+----------+-------------------------------------------
     0 | D:1      | sizableburger the Mummy Brigand began the quest for the
                  | Orb.
     0 | D:1      | Reached XP level 1. HP: 16/16 MP: 1/1
   123 | D:1      | Reached XP level 2. HP: 10/23 MP: 2/2
   987 | D:1      | Reached XP level 3. HP: 28/28 MP: 3/3
  1207 | D:1      | Found Vatwoedgh's Antique Weapon Emporium.
  1315 | D:1      | Reached skill level 3 in Fighting
  1567 | D:2      | Found Kauluaf's Magic Scroll Shop.
  1709 | D:2      | Found a sparkling altar of Nemelex Xobeh.
  1754 | D:2      | Reached XP level 4. HP: 28/35 MP: 4/4
  1782 | D:2      | Became a worshipper of Nemelex Xobeh the Trickster
  2123 | D:3      | Noticed Robin
  2516 | D:3      | Reached skill level 1 in Invocations
  2632 | D:3      | Killed Robin
  2633 | D:3      | Reached XP level 5. HP: 16/42 MP: 5/5
  3579 | D:4      | Reached skill level 4 in Fighting
  3789 | D:4      | Noticed a phantom
  3793 | D:4      | Noticed an ogre
  4251 | D:4      | Reached skill level 1 in Long Blades
  4334 | D:4      | Found a staircase to the Ecumenical Temple.
  4398 | D:4      | Slain by a gnoll

Illustrated notes

Levels and vault maps discovered:
D:1:      psy_arrival_spokes, layout_basic, serial_shops, shop
D:2:      layout_rooms, nemelex_altar_shiori, serial_shops, shop
D:3:      layout_rooms, serial_corexii_hall, chequers_hall_statues_corner_a,
          corexii_hall_statues_i, chequers_hall_statues_y,
          corexii_hall_statues_u, corexii_hall_statues_deadend,
          chequers_hall_statues_wall_a, kennysheep_potato, uniq_robin
D:4:      layout_basic, minmay_temple_entry_butterflies,
          minmay_tree_intersection, roderic_lattice_a

Skill      XL: |  1  2  3  4  5 |
---------------+----------------+-----
Short Blades   | 2 3 |  3.2
Fighting       | 3 4 |  4.1
Invocations    | 1 2 |  2.0
Long Blades    | 1 |  1.0
Throwing       | |  1.5
Armour         | |  0.1
Dodging        | |  0.8
Stealth        | |  3.2

Action                   |  1- 3 |  4- 6 || total
-------------------------+-------+-------++-------
Melee: Dagger            |   140 |    85 ||   225
       Scimitar          |       |    52 ||    52
Throw: Dart              |     4 |    34 ||    38
 Stab: Sleeping          |     8 |     4 ||    12
Armor: Robe              |    13 |       ||    13
       Leather armour    |    12 |    10 ||    22
       Ring mail         |       |     8 ||     8
Dodge: Dodged            |    69 |    58 ||   127
Block: Other             |       |    27 ||    27
       Reflection        |       |     1 ||     1
       Rpst.: Scimitar   |       |     4 ||     4

Table legend: (Time is in decaauts)
 A = Elapsed time spent in this place.
 B = Non-inter-level travel time spent in this place.
 C = Inter-level travel time spent in this place.
 D = Time resting spent in this place.
 E = Time spent auto-exploring this place.
 F = Levels seen in this place.
 G = Mean time per level.
                   A        B        C        D        E       F      G
               +--------+--------+--------+--------+--------+-----+--------+
         Total |   4383 |   4082 |    301 |    992 |   1973 |   4 | 1095.8 |
       Dungeon |   4383 |   4082 |    301 |    992 |   1973 |   4 | 1095.8 |
               +--------+--------+--------+--------+--------+-----+--------+

Top non-repeatable levels by time:
     D:3: 1466 daAuts
     D:1: 1336 daAuts
     D:2: 930 daAuts
     D:4: 650 daAuts
